Map: Estaleiro Orbital

Players

TheZergLord - Winner!

  • Race: Zerg Zerg
  • League: Master

TheKing

  • Race: Terran Terran
  • League: Diamond

VOD

Have the link to the VOD?

Description

Time

  • Played on: Feb. 27, 2016, 3 p.m.
  • Length: 15:51
Show
View Real Time Build Order
Export as new Build Order

TheZergLord Zerg - Winner!

Build Orders: Hatch First, Muta Ling Bane 

Get SALT Encoding   

  12  0:01  Drone  
  13  0:13  Overlord  
  13  0:17  Drone  
  14  0:31  Drone x2  
  14  0:35  Drone  
  17  0:55  Hatchery, Drone  
  17  1:07  Spawning Pool  
  17  1:10  Drone  
  17  1:12  Extractor  
  17  1:15  Drone  
  17  1:19  Drone  
  18  1:29  Drone  
  19  1:39  Overlord  
  19  1:54  Queen  
  19  1:55  Zergling x2  
  23  2:01  Zergling x2  
  23  2:06  Queen  
  23  2:07  Zergling x2  
  26  2:16  Metabolic Boost  
  26  2:18  Drone x2  
  27  2:43  Queen, Overlord  
  28  2:46  Drone x4  
  32  3:03  Drone x2  
  34  3:06  Drone x4  
  38  3:20  Overlord  
  38  3:21  Drone  
  38  3:22  Drone x2  
  38  3:26  Hatchery  
  40  3:31  Drone x3  
  44  3:41  Queen, Drone  
  46  3:51  Overlord  
  46  3:52  Drone x4  
  46  3:55  Drone  
  51  4:00  Spine Crawler  
  51  4:01  Overlord  
  50  4:08  Overlord  
  50  4:13  Drone x3  
  50  4:14  Drone  
  50  4:16  Queen  
  56  4:22  Overlord  
  57  4:24  Drone x3  
  59  4:35  Overlord  
  59  4:36  Drone  
  60  4:38  Spore Crawler  
  60  4:39  Drone  
  60  4:40  Spore Crawler  
  60  4:42  Queen  
  60  4:43  Spore Crawler  
  60  4:44  Drone x2  
  62  4:48  Lair  
  62  4:52  Queen  
  64  4:59  Drone x5  
  69  5:13  Overlord  
  69  5:14  Zergling x2  
  69  5:15  Zergling x4  
  69  5:16  Drone x3  
  69  5:17  Drone  
  76  5:24  Evolution Chamber, Hatchery, Drone x3  
  76  5:25  Extractor x2, Evolution Chamber  
  76  5:26  Drone  
  75  5:37  Drone x3  
  75  5:41  Extractor  
  77  5:43  Extractor  
  77  5:46  Hatchery  
  75  5:52  Zerg Ground Armor Level 1  
  75  5:53  Overseer  
  75  5:55  Drone x3  
  75  5:56  Drone x7  
  85  5:59  Extractor  
  84  6:05  Zergling x2  
  85  6:13  Zergling x4  
  85  6:14  Zergling x6  
  90  6:34  Overlord  
  90  6:35  Zerg Melee Weapons Level 1  
  90  6:38  Spire, Overlord x3  
  90  6:39  Baneling Nest  
  88  6:52  Queen  
  90  6:57  Overlord  
  90  6:59  Drone x6  
  90  7:00  Drone x2, Zergling x2  
  90  7:01  Zergling x10  
  102  7:02  Zergling x2  
  102  7:06  Queen  
  107  7:10  Overseer  
  107  7:26  Zergling x2  
  107  7:27  Zergling x18  
  117  7:30  Centrifical Hooks  
  117  7:31  Overlord x2  
  117  7:32  Overlord  
  117  7:35  Extractor  
  117  7:36  Extractor  
  115  7:40  Spore Crawler  
  115  7:42  Spore Crawler  
  114  7:45  Spore Crawler  
  114  7:46  Hatchery  
  114  7:47  Spore Crawler  
  113  7:53  Mutalisk  
  113  7:54  Mutalisk x10  
  135  8:01  Drone x6  
  135  8:05  Drone x2  
  132  8:09  Drone x5  
  132  8:10  Drone x5  
  131  8:25  Zergling x6  
  131  8:26  Zergling x10  
  127  8:34  Drone x3  
  127  8:35  Drone x6  
  124  8:43  Zerg Ground Armor Level 2  
  124  8:59  Pneumatized Carapace  
  124  9:03  Overlord  
  124  9:08  Baneling  
  124  9:09  Baneling x4  
  125  9:10  Zergling x28  
  125  9:11  Zergling x2  
  139  9:27  Infestation Pit  
  138  9:33  Zergling x2  
  138  9:34  Zergling x30  
  154  9:38  Zerg Melee Weapons Level 2  
  154  9:42  Overseer  
  154  9:56  Overlord x2  
  154  9:59  Zergling x2  
  157  10:00  Zergling x32  
  157  10:03  Baneling x8  
  171  10:09  Hive  
  171  10:10  Pathogen Glands  
  171  10:16  Baneling  
  171  10:17  Baneling x10  
  171  10:25  Mutalisk x5  
  181  10:29  Overlord  
  181  10:30  Overlord  
  181  10:44  Zergling x14  
  181  10:47  Overlord x2  
  181  10:48  Overlord x2  
  188  10:53  Zergling x2  
  188  10:54  Zergling x20  
  199  11:03  Drone  
  199  11:38  Zerg Ground Armor Level 3  
  199  11:43  Adrenal Glands  
  199  11:45  Ultralisk Cavern  
  198  11:59  Zergling x2  
  198  12:00  Zergling x4  
  147  12:31  Zerg Melee Weapons Level 3  
  147  12:34  Chitinous Plating  
  142  12:43  Ultralisk x6  
  142  12:44  Ultralisk x5  
  183  12:45  Ultralisk  
  197  12:57  Baneling  
  197  12:58  Baneling x12  
  197  13:25  Extractor  
  197  13:26  Spine Crawler  
  195  13:27  Spine Crawler  
  195  13:29  Greater Spire, Extractor  
  193  13:37  Hatchery  
  192  13:53  Hatchery  
  191  13:56  Hatchery  
  191  13:59  Hatchery  
  189  14:09  Hatchery  
  171  14:32  Ultralisk x5  
  189  14:45  Ultralisk x2  
  191  14:59  Hatchery, Ultralisk x2  
  196  15:13  Hatchery  
  195  15:29  Hatchery  
Show
View Real Time Build Order
Export as new Build Order

TheKing Terran 

Build Orders: Reaper Expand, MMM Bio 

Get SALT Encoding   

  12  0:01  SCV  
  13  0:13  SCV  
  14  0:18  Supply Depot  
  14  0:25  SCV  
  15  0:39  SCV  
  15  0:40  Barracks  
  16  0:46  Refinery  
  16  0:51  SCV  
  17  1:06  SCV  
  18  1:18  SCV  
  19  1:30  Reaper  
  19  1:31  Orbital Command  
  20  1:48  Command Center  
  20  1:57  SCV  
  21  2:02  Marine  
  21  2:05  Supply Depot  
  22  2:09  SCV  
  23  2:19  Factory  
  23  2:26  SCV  
  24  2:31  Refinery  
  24  2:39  SCV  
  25  2:53  SCV  
  26  3:01  SCV  
  26  3:02  Factory Tech Lab  
  26  3:03  Starport  
  26  3:05  SCV, Marine  
  28  3:11  Engineering Bay  
  29  3:13  SCV  
  29  3:21  SCV  
  30  3:29  Factory Reactor  
  30  3:30  Orbital Command  
  30  3:36  SCV  
  30  3:37  Marine  
  31  3:48  SCV  
  35  4:06  SCV  
  35  4:07  SCV  
  37  4:10  Marine  
  37  4:15  Hellion x2  
  38  4:24  Medivac  
  39  4:29  Armory  
  41  4:31  SCV  
  41  4:32  SCV, Command Center  
  41  4:36  Hellion  
  45  4:43  Supply Depot  
  45  4:50  SCV  
  46  4:54  Barracks  
  46  5:04  Hellion x2  
  50  5:10  SCV x2  
  50  5:12  Supply Depot, Starport Reactor  
  52  5:14  Stimpack  
  52  5:19  Barracks  
  52  5:24  Marine  
  53  5:30  SCV  
  53  5:34  SCV  
  55  5:36  Supply Depot, Refinery  
  55  5:37  Refinery  
  55  5:39  Supply Depot, Engineering Bay  
  55  5:40  Engineering Bay  
  55  5:44  Barracks Reactor  
  55  5:46  Orbital Command, Widow Mine x2  
  59  5:55  SCV  
  60  6:02  SCV  
  61  6:05  Terran Infantry Armor Level 1  
  61  6:08  Missile Turret x2  
  61  6:24  Orbital Command  
  61  6:26  Marauder, Marine  
  61  6:27  Barracks Reactor, Marine  
  61  6:28  Medivac  
  61  6:30  Terran Infantry Weapons Level 1  
  61  6:32  Widow Mine x2  
  71  6:46  Marine  
  72  6:47  Marine  
  72  6:48  Marauder  
  73  6:57  SCV x2  
  73  6:59  SCV  
  73  7:01  Widow Mine  
  76  7:04  Marine  
  76  7:05  Marine  
  80  7:09  SCV x2  
  80  7:10  Marine  
  80  7:11  SCV  
  84  7:16  Terran Vehicle Weapons Level 1  
  84  7:17  Combat Shields  
  84  7:21  SCV  
  84  7:22  SCV  
  86  7:23  SCV  
  86  7:25  Marine  
  86  7:26  Marine  
  89  7:31  Marauder, Marine  
  89  7:33  SCV  
  93  7:45  Refinery  
  93  7:49  Missile Turret  
  93  7:50  Supply Depot  
  93  7:51  Supply Depot  
  93  8:03  SCV x2  
  93  8:11  Marauder, SCV, Marine x3  
  97  8:18  Marine  
  77  8:29  Marine x3  
  77  8:32  Marauder  
  78  8:36  Marine  
  66  8:41  Terran Infantry Armor Level 2  
  66  8:42  Terran Infantry Weapons Level 2, Missile Turret, Refinery  
  66  8:45  SCV  
  66  8:47  Missile Turret, Marine x3  
  70  8:49  Missile Turret  
  70  8:52  Factory  
  70  8:53  SCV x2  
  70  8:54  Marauder, Missile Turret  
  74  8:56  Hellion x2, Missile Turret  
  74  8:58  Concussive Shells  
  74  9:00  Marine  
  77  9:03  Medivac x2  
  77  9:05  Marine  
  77  9:09  Missile Turret  
  82  9:13  SCV x3  
  82  9:15  Marauder  
  87  9:18  Hellion x2  
  91  9:25  Terran Vehicle Weapons Level 2, SCV x3  
  91  9:27  Marine  
  91  9:28  Marine  
  91  9:29  Missile Turret  
  96  9:36  Factory Tech Lab, Marauder  
  96  9:37  SCV  
  99  9:39  Hellion, SCV x2  
  103  9:46  Command Center  
  103  9:58  Marauder  
  105  10:01  Marine x2  
  105  10:06  Supply Depot  
  107  10:08  Marine x2  
  107  10:09  Liberator x2  
  107  10:10  Supply Depot  
  107  10:12  Supply Depot  
  109  10:15  Supply Depot  
  109  10:16  Supply Depot  
  109  10:26  Infernal Pre-Igniter  
  109  10:27  Marauder, Widow Mine x2  
  109  10:28  Marine x2  
  123  10:32  Thor  
  123  10:35  SCV x2  
  121  10:40  Marine x2  
  123  10:48  Marauder, Barracks  
  125  10:50  Barracks  
  125  10:56  Widow Mine x2  
  129  10:57  Factory  
  129  10:59  Supply Depot  
  129  11:00  Supply Depot  
  129  11:02  Marine  
  129  11:03  Marine  
  131  11:09  Marauder  
  133  11:12  Liberator x2, SCV x3  
  133  11:14  Thor  
  133  11:16  Refinery  
  142  11:20  Refinery  
  141  11:31  Marauder  
  149  11:34  Marine x2  
  149  11:37  Planetary Fortress  
  149  11:39  Missile Turret  
  151  11:40  Missile Turret, Factory  
  151  11:42  Marine  
  151  11:45  Barracks Reactor  
  152  11:52  Marauder  
  152  11:54  Marine x2  
  156  12:14  Marauder  
  118  12:23  Marine  
  118  12:24  Marine x3  
  118  12:27  Widow Mine x3  
  118  12:28  Marine  
  118  12:29  Factory Tech Lab, Barracks Reactor  
  98  12:30  Marine  
  98  12:34  SCV x2  
  98  12:35  Marauder  
  103  12:41  Marine  
  101  12:45  Marine x2  
  103  12:51  Command Center  
  103  12:52  Marine  
  103  12:53  Marine  
  103  12:56  Marauder  
  107  13:03  Marine x2  
  107  13:05  Medivac  
  111  13:09  Marine  
  111  13:10  Hellion  
  114  13:18  Marauder  
  114  13:19  Marine x2  
  118  13:20  Marine  
  119  13:38  Medivac x2, Marine x2  
  119  13:39  Marauder, Marine  
  128  13:56  Marine x2  
  128  13:57  Thor  
  128  13:58  Marine  
  128  14:00  Hellion  
  128  14:01  Marauder  
  128  14:02  SCV  
  142  14:03  SCV  
  142  14:04  Planetary Fortress  
  142  14:07  Marine x2  
  142  14:08  Marine  
  146  14:19  Marine  
  146  14:20  Marine x2  
  146  14:22  Marauder  
  151  14:30  Marine  
  120  14:33  Marine  
  100  14:43  Marauder  
  80  14:52  Marine  
  80  14:53  Marine x2  
  80  14:54  Marine  
  84  15:05  Marauder  
  67  15:09  Marine x2  
  65  15:16  Marine x3  
  65  15:18  Marine  
  65  15:19  SCV x2  
  72  15:26  Marauder  
  73  15:31  SCV  
Tags
 
Add a new tag
Caveats
  • Supply blocks, unpowered buildings, or Contaminate may cause inaccurate times.
  • Supply counts are checked every 10 seconds.